 Dungeon Crawl Stone Soup version 0.23.2-33-g5129a83184 (webtiles) character file.

Game seed: 3346345544522733382

55 DildoBatman the Conjurer (level 4, -1/30 HPs)
             Began as a Formicid Wizard on July 3, 2019.
             Killed by divine providence
             ... invoked by an orc priest
              (13 damage)
             ... on level 3 of the Dungeon on July 4, 2019.
             The game lasted 00:05:26 (1709 turns).

DildoBatman the Conjurer (Formicid Wizard)          Turns: 1709, Time: 00:05:27

Health: -1/30      AC:  4    Str: 10 (11) XL:     4   Next: 14%
Magic:  3/8        EV: 11    Int: 20 (21) God:
Gold:   138        SH:  0    Dex:  8 (9)  Spells: 2/9 levels left

rFire    + + .     SeeInvis +   f - +0 club
rCold    x . .     Gourm    .   (no shield)
rNeg     . . .     Faith    .   p - +1 leather armour {rF+}
rPois    .         Spirit   .   (helmet unavailable)
rElec    .         Reflect  .   (no cloak)
rCorr    .         Harm     .   (no gloves)
MR       .....                  (no boots)
Stlth    ++........             (no amulet)
HPRegen  0.10/turn              e - ring of fire
MPRegen  0.11/turn              n - +2 ring of intelligence

@: no status effects
A: permanent stasis, dig shafts and tunnels, four strong arms, antennae 3
a: Dig, Shaft Self


You were on level 3 of the Dungeon.
You were very hungry.

You visited 1 branch of the dungeon, and saw 3 of its levels.

You collected 138 gold pieces.

Inventory:

Hand Weapons
 f - a +0 club (weapon)
Missiles
 g - 21 bolts
 i - 37 arrows
 j - 45 sling bullets
 m - 14 poisoned needles
 o - 33 stones (quivered)
Armour
 p - a +1 leather armour of fire resistance (worn)
Jewellery
 e - a ring of fire (left hand)
 n - a +2 ring of intelligence (right hand)
Scrolls
 b - a scroll of remove curse {unknown}
 c - a scroll of immolation {unknown}
 d - 2 scrolls of teleportation {unknown}
 h - 2 scrolls of identify {unknown}
 k - 2 scrolls of random uselessness
 l - a scroll of magic mapping {unknown}
Potions
 a - a potion of heal wounds {unknown}
Comestibles
 q - 2 chunks of flesh
 v - 3 rations


   Skills:
 - Level 1.7 Dodging
 - Level 2.4 Stealth
 - Level 3.2 Spellcasting
 * Level 3.3 Conjurations
   Level 1.0 Summonings
   Level 0.8 Translocations


You had 2 spell levels left.
You knew the following spells:

 Your Spells              Type           Power        Failure   Level  Hunger
a - Conjure Flame         Conj/Fire      ##......     28%         3    ###....
c - Magic Dart            Conj           ###.         4%          1    None
e - Mephitic Cloud        Conj/Pois/Air  #.......     34%         3    ###....

Your spell library contained the following spells:

 Spells                   Type           Power        Failure   Level  Hunger
 Call Imp                 Summ           #.......     19%         2    ##.....
 Slow                     Hex            #.......     28%         2    ##.....
 Blink                    Tloc           Unusable     N/A         2    N/A

Dungeon Overview and Level Annotations

Branches:
Dungeon (3/15)

Altars:

Annotations:
D:2 Natasha


Innate Abilities, Weirdness & Mutations

You cannot be hasted, slowed, berserked, paralysed or teleported.
You can dig through walls and to a lower floor.
Your four strong arms can wield two-handed weapons with a shield.
You have a pair of large antennae on your head. (SInv)


Message History

You retract your mandibles.
Your magical contamination has completely faded away.
Casting: Mephitic Cloud (safe; 34% risk of failure)
Confirm with . or Enter, or press ? or * to list all spells.
Aiming: Mephitic Cloud (safe; 34% risk of failure)
Press: ? - help, Shift-Dir - straight line, f/p - orc priest
Aim: an orc priest, wielding a +0 short sword The ball explodes into a vile cloud!
The stinking cloud engulfs the orc priest but does no damage.
You hear a shout! x2
The orc priest is engulfed in noxious fumes.
The orc priest appears confused.
An orc comes into view. It is wielding a +0 club.
You see here 17 gold pieces.
Found a stone staircase leading down.
Found a black potion.
You are feeling very hungry.
The orc priest invokes the aid of Beogh against you.
Beogh smites you!
You die...

{..# .#.#### ####
#>...+ ...# .o...#
##.####.##.# #+#
#.##.[..#.# ..
#{##.#..#.# #.##
#.{.....#.# ..#
####$#.##.#####.#######
#...oo....o.@!......
############+####.## {


You could see an orc priest and an orc.

Vanquished Creatures
  2 adders
  A worm (D:2)
  A dart slug (D:1)
  3 bats
  A giant cockroach (D:1)
  5 goblins
  7 hobgoblins
  2 kobolds (D:2)
  A quokka (D:2)
  2 frilled lizards
  5 rats
30 creatures vanquished.

Notes
Turn   | Place    | Note
-------+----------+-------------------------------------------
     0 | D:1      | DildoBatman the Formicid Wizard began the quest for the
                  | Orb.
     0 | D:1      | Reached XP level 1. HP: 13/13 MP: 4/4
    83 | D:1      | Reached skill level 1 in Conjurations
   329 | D:1      | Reached XP level 2. HP: 19/19 MP: 4/6
   823 | D:2      | Reached XP level 3. HP: 24/24 MP: 4/7
   828 | D:2      | Learned a level 3 spell: Conjure Flame
   832 | D:2      | Learned a level 3 spell: Mephitic Cloud
  1533 | D:3      | Noticed Natasha
  1628 | D:3      | Reached XP level 4. HP: 17/30 MP: 2/8
  1709 | D:3      | Killed from afar by an orc priest

Skill      XL: |  1  2  3 |
---------------+----------+-----
Conjurations   | 1 2 3 |  3.3
Dodging        | |  1.7
Stealth        | |  2.4
Spellcasting   | |  3.2
Summonings     | |  1.0
Translocations | |  0.8

Action                   |  1- 3 |  4- 6 || total
-------------------------+-------+-------++-------
Melee: Club              |    17 |       ||    17
 Cast: Magic Dart        |    67 |     3 ||    70
       Mephitic Cloud    |     2 |     1 ||     3
 Abil: Dig               |       |     3 ||     3
  Use: Potion            |     2 |       ||     2
       Scroll            |     1 |       ||     1
 Stab: Sleeping          |     1 |       ||     1
  Eat: Chunk             |     2 |       ||     2
Armor: Leather armour    |     2 |     1 ||     3
Dodge: Dodged            |    13 |       ||    13
